 Dungeon Crawl Stone Soup version 0.30-a0-1157-g2cc9ac7196 (webtiles) character file.

Game seed: 10570114178177180681

226 qeuew the Trooper (level 5, -1/51 HPs)
             Began as a Draconian Monk on Apr 24, 2023.
             Slain by an orc
             ... wielding a +0 flail
              (6 damage)
             ... on level 4 of the Dungeon.
             The game lasted 00:05:57 (2515 turns).

qeuew the Trooper (Draconian Monk)                  Turns: 2515, Time: 00:05:58

Health: -1/51      AC:  7    Str: 14    XL:     5   Next: 69%
Magic:  8/8        EV: 13    Int: 12    God:
Gold:   104        SH:  0    Dex: 13    Spells: 8/8 levels left

rFire   . . .        a - +0 mace
rCold   . . .        c - orb {light}
rNeg    . . .        (body armour unavailable)
rPois   .            (helmet restricted)
rElec   .            (no cloak)
rCorr   .            f - +1 pair of gloves
SInv    .            (no boots)
Will    .....        (no amulet)
Stlth   +            (no ring)
HPRegen 0.28/turn    (no ring)
MPRegen 0.11/turn

%: random rage (3%)
@: mighty, on berserk cooldown, flying, slowed, glowing, very slow
A: AC +5, unfitting armour, cold-blooded, big wings, berserk 1, robust 1
a: no special abilities


You were on level 4 of the Dungeon.
You visited 1 branch of the dungeon, and saw 4 of its levels.

You collected 104 gold pieces.

Inventory:

Hand Weapons
 a - a +0 mace (weapon)
Armour
 c - an orb of light (worn)
 f - a +1 pair of gloves (worn)
Scrolls
 d - 5 scrolls of identify
 h - 2 scrolls of fear
 j - a scroll of amnesia
Potions
 b - 5 potions of curing
 l - 2 potions of brilliance


   Skills:
 + Level 4.5 Fighting
 + Level 4.1 Maces & Flails
 + Level 3.7 Dodging
 + Level 2.3 Spellcasting


You had 8 spell levels left.
You didn't know any spells.
Your spell library contained the following spells:

 Spells                   Type           Power      Damage    Failure   Level
 Ensorcelled Hibernation  Hex/Ice        2%         N/A       38%         2
 Call Canine Familiar     Summ           1%         N/A       63%         3
 Portal Projectile        Hex/Tloc       2%         N/A       63%         3
 Spider Form              Tmut/Pois      1%         N/A       63%         3
 Anguish                  Hex/Necr       0%         N/A       95%         4
 Leda's Liquefaction      Hex/Erth       0%         N/A       95%         4


Dungeon Overview and Level Annotations

Branches:
Dungeon (4/15)
 Temple: D:4-7

Altars:


Innate Abilities, Weirdness & Mutations

Your plain brown scales are hard. (AC +5)
You cannot fit into any form of body armour.
You are cold-blooded and may be slowed by cold attacks.
Your large and strong wings let you fly.
You sometimes lose your temper in combat.
You are robust. (+10% HP)


Message History

The orc wizard gestures at you while chanting.
The puff of flame hits you. The orc hits you with a +0 hand axe.
The orc hits you but does no damage.
The orc wizard casts a spell.
The orc wizard flickers and vanishes for a moment.
The adder moves out of view.
You are too injured to fight recklessly!
You are too injured to fight recklessly!
You are too injured to fight recklessly!
You are too injured to fight recklessly!
You are too injured to fight recklessly!
You are too injured to fight recklessly!
You are too injured to fight recklessly!
You are too injured to fight recklessly!
Unknown command.
You feel very mighty all of a sudden.
The orc wizard gestures wildly while chanting.
The orc wizard flickers and vanishes for a moment.
The orc completely misses you.
The orc wizard gestures at you while chanting.
The puff of flame hits you. The orc wizard barely misses you.
The orc wizard hits you with a +0 dagger.
* * * LOW HITPOINT WARNING * * *
The orc hits you but does no damage. The orc misses you. x2
You hit the orc wizard.
The orc wizard is severely wounded.
The orc wizard hits you but does no damage.
The orc hits you with a +0 hand axe.
* * * LOW HITPOINT WARNING * * *
The orc hits you with a +0 flail!
* * * LOW HITPOINT WARNING * * *
The orc wizard hits you but does no damage.
The orc misses you.
You barely miss the orc wizard. You tail-slap the orc wizard.
You kill the orc wizard!
The orc wizard hits you with a +0 dagger.
* * * LOW HITPOINT WARNING * * *
The orc closely misses you. The orc barely misses you.
The orc hits you with a +0 flail.
You die...

##....##.....# .......
##.#...##.....# .......
.......#......## .......
...............# .......
.......).).....# #......
.......).........###..##
....>...))....... #...
.......#))...........
......)@o............
......ooo........
#...............
#....##...###... .....
#...# ..# .... ##..# ..
##. .... #. ....


You could see an orc wizard (invisible) and 3 orcs.

Vanquished Creatures
  A howler monkey (D:4)
  A sleepcap (D:3)
  An orc wizard (D:4)
  Robin (D:4)
  4 adders
  2 worms (D:2)
  2 dart slugs
  An orc (D:3)
  12 endoplasms
  3 giant cockroaches
  11 goblins
  14 hobgoblins
  6 jackals (D:1)
  2 quokkas (D:2)
  6 ball pythons
  11 bats
  4 frilled lizards
  7 kobolds
  10 rats
99 creatures vanquished.

Vanquished Creatures (others)
  3 withered plants (D:2)
3 creatures vanquished.

Grand Total: 102 creatures vanquished

Notes
Turn   | Place    | Note
-------+----------+-------------------------------------------
     0 | D:1      | qeuew the Draconian Monk began the quest for the Orb.
     0 | D:1      | Reached XP level 1. HP: 19/19 MP: 1/1
   187 | D:1      | Reached XP level 2. HP: 26/26 MP: 2/2
   412 | D:1      | Reached skill level 1 in Spellcasting
   448 | D:1      | Reached XP level 3. HP: 30/31 MP: 4/4
   781 | D:1      | Gained mutation: You sometimes lose your temper in combat.
                  | [potion of mutation]
   781 | D:1      | Gained mutation: You are robust. (+10% HP) [potion of
                  | mutation]
   781 | D:1      | Gained mutation: Your large and strong wings let you fly.
                  | [potion of mutation]
  1255 | D:2      | Reached XP level 4. HP: 34/44 MP: 6/6
  1393 | D:2      | Found a faded altar of an unknown god.
  2227 | D:3      | Reached XP level 5. HP: 46/50 MP: 7/7
  2478 | D:4      | Noticed Robin
  2489 | D:4      | Killed Robin
  2515 | D:4      | Slain by an orc

Illustrated notes

Levels and vault maps discovered:
D:1:      ncdulo_lavacross, layout_basic
D:2:      layout_loops_ring, ebering_ecumenical_altar_petrified,
          minmay_misc_feat_nine_boxes
D:3:      layout_basic, feat_on_display
D:4:      layout_cave_pools, enter_ossuary_4, grunt_decor_mini_mirrors,
          uniq_robin

Skill      XL: |  1  2  3  4  5 |
---------------+----------------+-----
Dodging        | 3 |  3.7
Spellcasting   | 1 2 |  2.3
Fighting       | 4 |  4.5
Maces & Flails | 4 |  4.1

Action                     |  1- 3 |  4- 6 || total
---------------------------+-------+-------++-------
  Melee: Mace              |   119 |   121 ||   240
         Tailslap          |    20 |    18 ||    38
    Use: Potion            |     2 |     2 ||     4
         Scroll            |     4 |     4 ||     8
 Armour: Skin              |    50 |    57 ||   107
  Dodge: Dodged            |    99 |   118 ||   217

Table legend: (Time is in decaauts)
 A = Elapsed time spent in this place.
 B = Non-inter-level travel time spent in this place.
 C = Inter-level travel time spent in this place.
 D = Time resting spent in this place.
 E = Time spent auto-exploring this place.
 F = Levels seen in this place.
 G = Mean time per level.
                   A        B        C        D        E       F      G
               +--------+--------+--------+--------+--------+-----+--------+
         Total |   2615 |   2573 |     42 |    100 |   1907 |   4 |  653.8 |
       Dungeon |   2615 |   2573 |     42 |    100 |   1907 |   4 |  653.8 |
               +--------+--------+--------+--------+--------+-----+--------+

Top non-repeatable levels by time:
     D:2: 963 daAuts
     D:1: 824 daAuts
     D:3: 705 daAuts
     D:4: 122 daAuts
